 Dungeon Crawl Stone Soup version 0.19-a0-1526-gc2972aa (webtiles) character file.

10369 Banto the Carver (level 11, -3/80 HPs)
             Began as a High Elf Skald on Sept 13, 2016.
             Was a High Priest of Okawaru.
             Hit by a large rock thrown by a cyclops (27 damage)
             ... on level 11 of the Dungeon.
             The game lasted 00:29:45 (14059 turns).

Banto the Carver (High Elf Skald)                  Turns: 14059, Time: 00:29:46

Health: -3/80      AC: 11    Str: 13    XL:     11   Next: 35%
Magic:  17/17      EV: 15    Int: 18    God:    Okawaru [*****.]
Gold:   414        SH:  0    Dex: 11    Spells: 3 memorised, 8 levels left

rFire  . . .     SeeInvis +     e - +3 dagger (elec)
rCold  . . .     Gourm    .     l - +3 ring mail {MR+}
rNeg   . . .     Faith    +     (no shield)
rPois  .         Spirit   .     i - +1 helmet
rElec  .         Dismiss  .     (no cloak)
rCorr  .         Reflect  .     (no gloves)
MR     +++..     Harm     .     x - +0 pair of boots
Stlth  +.........               h - amulet of faith
                                q - ring of protection from magic
                                J - ring of see invisible

@: no status effects
A: clumsy 2, no device heal 1
a: Heroism, Finesse, Renounce Religion


You were on level 11 of the Dungeon.
You worshipped Okawaru.
Okawaru was extremely pleased with you.
You were not hungry.

You visited 2 branches of the dungeon, and saw 12 of its levels.

You collected 558 gold pieces.
You spent 144 gold pieces at shops.

Inventory:

Hand Weapons
 a - a +1 falchion of slicing
 e - a +3 dagger of electrocution (weapon)
Missiles
 n - a throwing net (quivered)
Armour
 i - a +1 helmet (worn)
 l - a +3 ring mail of magic resistance (worn)
 x - a +0 pair of boots (worn)
 M - a +4 scale mail of cold resistance
Jewellery
 h - an amulet of faith (around neck)
 q - a ring of protection from magic (right hand)
 J - a ring of see invisible (left hand)
Wands
 k - a wand of teleportation (2/9)
 p - a wand of disintegration (1/24)
 y - a wand of digging (10/24)
 C - a wand of iceblast (6/15)
 G - a wand of flame (28/48)
 L - a wand of acid (4/15)
Scrolls
 b - a scroll of magic mapping
 c - a scroll of amnesia
 m - a scroll of enchant armour
 v - 3 scrolls of remove curse
 B - a scroll of fog
 I - a scroll of fear
Potions
 j - 2 potions of heal wounds
 r - 5 potions of might
 s - 2 potions of agility
 t - 3 potions of curing
 w - a potion of berserk rage
 z - 2 potions of flight
 A - 3 potions of cancellation
 D - a potion of ambrosia
 H - a potion of lignification
 K - a potion of beneficial mutation
Miscellaneous
 F - a sack of spiders
Comestibles
 d - 12 bread rations
 f - 4 slices of pizza
 g - 7 beef jerkies
 o - 5 meat rations
 u - 10 fruits
 E - a royal jelly
 N - a chunk of flesh


   Skills:
 + Level 9.4 Fighting
 - Level 12.4 Long Blades
 - Level 0.8 Armour
 - Level 10.5 Dodging
 - Level 2.4 Spellcasting
 - Level 3.6 Charms
 + Level 6.8 Invocations


You had 8 spell levels left.
You knew the following spells:

 Your Spells              Type           Power        Failure   Level  Hunger
a - Infusion              Chrm           ###.         10%         1    #......
b - Song of Slaying       Chrm           ###.....     14%         2    ##.....
c - Regeneration          Chrm/Necr      #.........   65%         3    ###....


Dungeon Overview and Level Annotations

Branches:
Dungeon (11/15)            Temple (1/1) D:6             Orc (0/2) D:9
   Lair: D:8-11

Altars:
Dithmenos
Elyvilon
Fedhas
Hepliaklqana
Kikubaaqudgha
Makhleb
Nemelex Xobeh
Okawaru
Qazlal
Ru
Sif Muna
Trog
Uskayaw
Vehumet
Xom
Yredelemnul
Zin
The Shining One

Shops:
D:8 :}


Innate Abilities, Weirdness & Mutations

You are very clumsy. (Dex -4)
Potions and wands are less effective at restoring your health.


Message History

You open the door.
There is an open door here.
You open the door.
There is an open door here.
As you open the door, it creaks loudly!
There is an open door here.
As you open the door, it creaks loudly!
The cyclops shouts!
You hear a roar!
The cyclops throws a large rock.
The large rock hits you!!
Found a stone staircase leading down.
An unseen horror comes into view.
You take 24 damage, and have 55/80 hp.
MASSIVE DAMAGE!!
There are monsters nearby!
You close the door.
Something unseen opens the door.
The cyclops throws a large rock.
The large rock hits you!!
* * * LOW HITPOINT WARNING * * *
You see here a large rock.
You take 33 damage, and have 23/80 hp.
MASSIVE DAMAGE!!
The cyclops throws a large rock.
The large rock hits you!!
You die...

#.# #.........# ####.#
##'######## .....# #..# ######
#####'### ....# #.......#
+#### ....####.......#
###...... .[..'..#.......#
####(C.x>...
....##.#.......####....#......
....##.'.......'@.(.#### C.x..
########.......###### ....
####'#### ... # ###)# #' ##
#.†(# .# ##.######### '##
###..........#
..####............#
..'....#...[......######


You could see a cyclops.

Vanquished Creatures
  A hill giant (D:11)
  Pikel (D:4)
  An ugly thing (D:11)
  Joseph (D:7)
  A kobold demonologist (D:8)
  2 trolls
  Prince Ribbit (D:4)
  Grinder (D:5)
  Sigmund (D:5)
  The ghost of Duskembrace the Ducker, an amateur SpMo (D:5)
  2 hippogriffs
  2 hungry ghosts
  Edmund (D:5)
  3 orc warriors (D:9)
  2 water moccasins (D:10)
  2 ice beasts
  A necrophage (D:10)
  3 sky beasts
  4 phantoms
  A wasp (D:9)
  10 ogres
  4 centaurs
  5 big kobolds
  9 giant frogs
  2 gnoll sergeants
  A wyvern skeleton (D:11)
  4 scorpions
  5 killer bees (D:7)
  9 wights
  2 howler monkeys (D:10)
  A centaur zombie (D:7)
  4 crimson imps
  3 giant frog skeletons
  5 jellies
  4 orc priests
  5 hounds
  2 centaur skeletons
  Ijyb (D:2)
  8 worker ants
  Natasha (D:2)
  7 iguanas
  19 orc wizards
  5 gnolls
  3 adders
  4 river rats
  2 shadow imps
  An ooze (D:4)
  4 worms
  A dart slug (D:2)
  6 giant geckos
  39 orcs
  12 bats
  9 giant cockroaches
  10 hobgoblins
  17 jackals
  14 kobolds
  4 quokkas
  2 ball pythons
  A giant gecko skeleton (D:6)
  4 giant newts
  4 goblins
  7 rats
  A spectral orc (D:9)
293 creatures vanquished.

Vanquished Creatures (collateral kills)
  A worker ant (D:7)
1 creature vanquished.

Vanquished Creatures (others)
  A wizard (D:6)
  A slave (D:5)
  An orc wizard (D:5)
  A quokka (D:5)
  A giant newt (D:4)
  5 plants
10 creatures vanquished.

Grand Total: 304 creatures vanquished

Notes
Turn   | Place    | Note
-------+----------+-------------------------------------------
     0 | D:1      | Banto the High Elf Skald began the quest for the Orb.
     0 | D:1      | Reached XP level 1. HP: 14/14 MP: 4/4
   159 | D:1      | Reached skill level 3 in Long Blades
   188 | D:1      | Reached XP level 2. HP: 6/19 MP: 1/6
   796 | D:1      | Reached XP level 3. HP: 21/24 MP: 7/7
  1010 | D:1      | Noticed a black bear
  1061 | D:2      | Reached skill level 4 in Long Blades
  1096 | D:2      | Noticed Ijyb
  1139 | D:2      | Killed Ijyb
  1139 | D:2      | Reached XP level 4. HP: 10/29 MP: 4/8
  1529 | D:2      | Reached skill level 5 in Long Blades
  1899 | D:2      | Noticed Natasha
  1908 | D:2      | Killed Natasha
  2495 | D:3      | Reached XP level 5. HP: 34/34 MP: 9/9
  3085 | D:4      | Reached skill level 6 in Long Blades
  3217 | D:4      | Found a radiant altar of Vehumet.
  3517 | D:3      | Reached XP level 6. HP: 36/39 MP: 4/10
  3764 | D:4      | Reached skill level 7 in Long Blades
  4049 | D:4      | Reached XP level 7. HP: 37/45 MP: 7/11
  4140 | D:5      | Entered Level 5 of the Dungeon
  4161 | D:5      | Noticed Duskembrace's ghost (amateur SpMo)
  4169 | D:5      | Reached skill level 8 in Long Blades
  4804 | D:5      | Noticed Sigmund
  4815 | D:5      | Killed Sigmund
  4815 | D:5      | Reached skill level 5 in Dodging
  4846 | D:5      | Noticed Pikel
  4847 | D:5      | Noticed Prince Ribbit
  4886 | D:4      | Killed Pikel
  4886 | D:4      | Reached skill level 10 in Long Blades
  4886 | D:4      | Reached XP level 8. HP: 15/50 MP: 9/12
  5362 | D:4      | Killed Prince Ribbit
  5434 | D:5      | Noticed Grinder
  5462 | D:5      | Killed Grinder
  5462 | D:5      | Reached skill level 11 in Long Blades
  5977 | D:5      | Noticed Edmund
  6080 | D:5      | Killed Edmund
  6143 | D:5      | Killed Duskembrace's ghost
  6143 | D:5      | Reached XP level 9. HP: 9/54 MP: 10/13
  6441 | D:5      | Found a glowing golden altar of the Shining One.
  6668 | D:5      | Learned a level 2 spell: Song of Slaying
  6672 | D:5      | Learned a level 3 spell: Regeneration
  6773 | D:5      | Reached skill level 12 in Long Blades
  6780 | D:5      | Gained mutation: Potions and wands are less effective at restoring your health. [mutagenic meat]
  7001 | D:6      | Found a staircase to the Ecumenical Temple.
  7019 | Temple   | Entered the Ecumenical Temple
  7112 | Temple   | Became a worshipper of Warmaster Okawaru
  7508 | D:6      | Found a bloodstained altar of Trog.
  7548 | D:6      | Noticed a wizard
  7550 | D:6      | Killed a wizard
  7828 | D:7      | Noticed Joseph
  7841 | D:7      | HP: 2/56 [Joseph/uncursed quarterstaff of protection (6)]
  7872 | D:7      | Killed Joseph
  7872 | D:7      | Reached * piety under Okawaru
  8180 | D:7      | Found a stormy altar of Qazlal.
  8622 | D:7      | Found a white marble altar of Elyvilon.
  8696 | D:7      | Reached skill level 5 in Fighting
  8748 | D:7      | Reached XP level 10. HP: 41/66 MP: 9/14
  8893 | D:7      | Reached ** piety under Okawaru
  9349 | D:8      | Found a hide-covered altar of Uskayaw.
  9646 | D:8      | Found a blossoming altar of Fedhas.
  9718 | D:8      | Found Xotsecva's Book Emporium.
  9777 | D:8      | Gained mutation: You are clumsy. (Dex -2) [mutagenic meat]
  9780 | D:8      | Gained mutation: You are very clumsy. (Dex -4) [mutagenic meat]
  9835 | D:8      | Reached skill level 10 in Dodging
 10184 | D:8      | Found Gafrez's Quality Used Wands.
 10201 | D:8      | Bought a wand of teleportation (0/9) for 144 gold pieces
 10878 | D:9      | Reached *** piety under Okawaru
 10883 | D:9      | Found a glowing golden altar of the Shining One.
 10910 | D:9      | Found a basalt altar of Yredelemnul.
 10942 | D:9      | Reached skill level 1 in Invocations
 11033 | D:9      | Found a staircase to the Orcish Mines.
 11485 | D:9      | Reached **** piety under Okawaru
 12066 | D:10     | Entered Level 10 of the Dungeon
 12446 | D:10     | Reached skill level 5 in Invocations
 12446 | D:10     | Reached XP level 11. HP: 73/78 MP: 15/15
 12535 | D:10     | Reached ***** piety under Okawaru
 13415 | D:11     | Found a sparkling altar of Nemelex Xobeh.
 13513 | D:11     | Noticed a hill giant
 13521 | D:11     | Killed a hill giant
 13521 | D:11     | Received a gift from Okawaru
 13556 | D:11     | Noticed a green ugly thing
 13584 | D:11     | Killed a green ugly thing
 14053 | D:11     | Noticed an unseen horror
 14059 | D:11     | Hit by a large rock thrown by a cyclops

Vault maps used:
D:1:      ncdulo_watergridlock
D:2:      first_bread, uniq_natasha, uniq_iyjb
D:4:      kennysheep_mini_moat
D:5:      wad_woods_stonehenge, uniq_grinder, uniq_sigmund, uniq_edmund,
          uniq_pikel, uniq_prince_ribbit1
D:6:      hex_intersection, trog_wizard
D:7:      lemuel_coloured_pillars_altar, kennysheep_mini, grunt_ogre_cave,
          uniq_joseph
D:8:      fedhas_altar_4, eat_drink_and_be_merry_uskayaw, serial_shops, shop,
          nicolae_for_you_no_charge
D:9:      marbit_many_paths, yredelemnul_forgotten_temple_becter,
          kennysheep_orc_monster_closet_entryway, kennysheep_generic_room_5
D:11:     david_lair_shrubbed, basic_altar, nemelex_altar_shiori
Temple:   oiseaux_autumnal_temple

Skill      XL: |  1  2  3  4  5  6  7  8  9 10 11 |
---------------+----------------------------------+-----
Long Blades    | 3 4 5 6 7 10 11 12 | 12.4
Dodging        | 2 3 4 6 7 9 10 | 10.5
Fighting       | 5 8 9 |  9.4
Invocations    | 5 6 |  6.8
Armour         | |  0.8
Spellcasting   | |  2.4
Charms         | |  3.6

Action                   |  1- 3 |  4- 6 |  7- 9 | 10-12 || total
-------------------------+-------+-------+-------+-------++-------
Melee: Falchion          |   151 |   203 |   193 |   536 ||  1083
       Short sword       |       |    24 |   496 |   143 ||   663
       Dagger            |       |       |    26 |    44 ||    70
Throw: Throwing net      |       |       |       |     1 ||     1
 Cast: Infusion          |     8 |    14 |    28 |    33 ||    83
Evoke: Wand              |       |       |       |     4 ||     4
  Use: Scroll            |     1 |    13 |     4 |     9 ||    27
       Potion            |       |       |     6 |       ||     6
 Stab: Held in net/web   |       |       |       |     1 ||     1
  Eat: Chunk             |     1 |    10 |    30 |    21 ||    62
Armor: Leather armour    |    48 |       |       |       ||    48
       Ring mail         |       |    62 |   209 |   168 ||   439
       Skin              |       |       |    59 |       ||    59
Dodge: Dodged            |    77 |   115 |   274 |   366 ||   832

Table legend:
 A = Turns spent in this place as a percentage of turns spent in the entire game.
 B = Non-inter-level travel turns spent in this place as a percentage of non-inter-level travel turns spent in the entire game.
 C = Inter-level travel turns spent in this place as a percentage of turns spent in this place.
 D = Turns resting spent in this place as a percentage of non-inter-level travel turns spent in this place.
 E = Turns spent auto-exploring this place as a percentage of non-inter-level travel turns spent in this place.
 F = Non-inter-level travel turns spent in this place divided by the number of levels of this place that you've seen.
                   A       B       C       D       E      F
               +-------+-------+-------+-------+-------+----------------------
         Total | 100.0 | 100.0 |   0.6 |   4.2 |   7.2 | 408.1
       Dungeon |  99.3 |  99.3 |   0.6 |   4.3 |   7.2 | 442.3
        Temple |   0.7 |   0.7 |   3.0 |   0.0 |  21.9 |  32.0
               +-------+-------+-------+-------+-------+----------------------

Table legend:
 A = Kills in this place as a percentage of kills in entire the game.
 B = Kills by you in this place as a percentage of kills by you in the entire game.
 C = Kills by friends in this place as a percentage of kills by friends in the entire game.
 D = Other kills in this place as a percentage of other kills in the entire game.
 E = Experience gained in this place as a percentage of experience gained in the entire game.
 F = Experience gained in this place divided by the number of levels of this place that you have seen.
                   A       B       C       D       E      F
               +-------+-------+-------+-------+-------+----------------------
         Total | 100.0 | 100.0 | 100.0 |  -nan | 100.0 | 1234.5
       Dungeon | 100.0 | 100.0 | 100.0 |  -nan | 100.0 | 1346.7
               +-------+-------+-------+-------+-------+----------------------
